 Dungeon Crawl Stone Soup version 0.29-a0-321-gf1c400731a (webtiles) character file.

Game seed: 2840703405319892320

246 Dabor the Shield-Bearer (level 6, -3/47 HPs)
             Began as a Gnoll Wanderer on Apr 5, 2022.
             Was an Initiate of Gozag.
             Slain by a gnoll
             ... wielding a +0 halberd
              (9 damage)
             ... on level 4 of the Dungeon.
             The game lasted 00:03:22 (3783 turns).

Dabor the Shield-Bearer (Gnoll Wanderer)            Turns: 3783, Time: 00:03:23

Health: -3/47      AC:  5    Str: 14    XL:     6   Next: 11%
Magic:  8/8        EV:  7    Int:  8    God:    Gozag
Gold:   205        SH:  0    Dex: 20    Spells: 8/8 levels left

rFire   . . .      SeeInvis .   a - +0 hand axe
rCold   . . .      Faith    .   b - +2 buckler
rNeg    . . .      Spirit   .   f - +0 leather armour
rPois   .          Reflect  .   (no helmet)
rElec   .          Harm     .   l - +0 cloak
rCorr   .          Rampage  .   (no gloves)
Will    .....                   i - +0 pair of boots
Stlth   ++........              (no amulet)
HPRegen 0.15/turn               m - +6 ring of dexterity
MPRegen 0.11/turn               (no ring)

@: lethally poisoned (-3 -> -5), held
A: fangs 1, strong nose, distributed training
a: Renounce Religion, Potion Petition, Call Merchant, Bribe Branch


You were on level 4 of the Dungeon.
You worshipped Gozag.
Gozag was aware of your devotion.
You visited 1 branch of the dungeon, and saw 4 of its levels.

You collected 251 gold pieces.
You paid 46 gold pieces to Gozag.

Inventory:

Hand Weapons
 a - a +0 hand axe (weapon)
 d - a +0 dagger
Missiles
 c - 13 poisoned darts (quivered)
Armour
 b - a +2 buckler (worn)
 f - a +0 leather armour (worn)
 i - a +0 pair of boots (worn)
 l - a +0 cloak (worn)
Jewellery
 m - a +6 ring of dexterity (left hand)
Wands
 h - a wand of flame (9)
 u - a wand of polymorph (6)
Scrolls
 g - 2 scrolls of teleportation
 o - a scroll of noise
 p - a scroll of fear
 q - a scroll of fog
 v - a scroll of vulnerability
Potions
 e - 3 potions of curing
 j - a potion of flight {unknown}
 k - a potion of magic {unknown}
 n - 4 potions of invisibility {unknown}
 r - a potion of brilliance {unknown}
 s - a potion of cancellation {unknown}
 t - a potion of heal wounds {unknown}


   Skills:
 + Level 3.1 Fighting
 + Level 1.8 Short Blades
 + Level 1.8 Long Blades
 + Level 6.8 Axes
 + Level 1.8 Maces & Flails
 + Level 1.8 Polearms
 + Level 1.8 Staves
 + Level 1.8 Slings
 + Level 1.8 Bows
 + Level 1.8 Crossbows
 + Level 3.1 Throwing
 + Level 1.8 Armour
 + Level 3.1 Dodging
 + Level 3.0 Stealth
 + Level 6.8 Shields
 + Level 1.8 Unarmed Combat
 + Level 1.8 Spellcasting
 + Level 1.4 Conjurations
 + Level 1.4 Hexes
 + Level 1.4 Summonings
 + Level 1.4 Necromancy
 + Level 1.4 Translocations
 + Level 1.4 Transmutations
 + Level 1.4 Fire Magic
 + Level 1.4 Ice Magic
 + Level 1.4 Air Magic
 + Level 1.4 Earth Magic
 + Level 1.4 Poison Magic
 + Level 2.0 Invocations
 + Level 1.8 Evocations


You had 8 spell levels left.
You didn't know any spells.
Your spell library was empty.

Dungeon Overview and Level Annotations

Branches:
Dungeon (4/15)
 Temple: D:4-7

Altars:
Gozag
Vehumet


Innate Abilities, Weirdness & Mutations

You have very sharp teeth.
Your uncanny sense of smell can sniff out nearby items.
Your experience applies equally to all skills.


Message History

You are poisoned.
The adder poisons you!
A dart slug comes into view.
There are monsters nearby!
You miss the adder. You hit the gnoll.
You feel sick. You block the adder's attack. You block the gnoll's attack.
There are monsters nearby!
You closely miss the gnoll.
The gnoll is lightly wounded.
You hit the adder but do no damage.
You feel sick. The adder completely misses you. You block the adder's attack.
The gnoll shaman calls upon its god to speed up the gnoll.
The gnoll seems to speed up.
The gnoll barely misses you. The gnoll attacks as you move away!
The gnoll hits you but does no damage.
You feel sick.
You are no longer poisoned.
The adder attacks as you move away! The adder barely misses you.
The adder attacks as you move away! The adder bites you but does no damage.
You block the adder's attack. The adder attacks as you move away!
The adder bites you but does no damage. The adder attacks as you move away!
The adder bites you.
The gnoll throws a throwing net.
The throwing net hits you.
You become entangled in the net!
The adder bites you.
You are poisoned.
The adder poisons you!
You see here a throwing net.
You struggle against the net.
You feel sick.
The gnoll hits you from afar with a +0 halberd!
The adder bites you but does no damage.
You struggle against the net.
You feel sick.
The gnoll hits you from afar with a +0 halberd.
The adder bites you. The gnoll hits you with a +0 club.
* * * LOW HITPOINT WARNING * * *
The gnoll hits you from afar with a +0 halberd.
* * * LOW HITPOINT WARNING * * *
You struggle against the net.
You feel sick. The adder bites you.
* * * LOW HITPOINT WARNING * * *
The gnoll hits you from afar with a +0 halberd!
You die...
Your body crumbles into a pile of gold.

#.........# ...
#.........####### ...
..w....w........# ....
#..#...#g.......## #.....
...gg..#.n.......###.....
.......#..gg..........#
.....#.#..g...........##
...#.#.....gSg..#.##...#
.n.#........@####..#...#
.. #...#........##.#...#
..........###........#
..####...............<# .
#...#.#######....#
##....# #....# #.#..
##...# ..... #...# #####


You could see a necrophage, a gnoll shaman, 5 gnolls, an adder and a dart slug.

Vanquished Creatures
  4 electric eels (D:3)
  3 adders
  A worm (D:2)
  2 dart slugs (D:3)
  3 ball pythons
  3 bats
  6 endoplasms
  2 giant cockroaches (D:3)
  8 goblins
  6 hobgoblins
  4 jackals (D:1)
  4 quokkas
  5 frilled lizards
  4 kobolds
  6 rats
61 creatures vanquished.

Vanquished Creatures (others)
  2 plants (D:3)
2 creatures vanquished.

Grand Total: 63 creatures vanquished

Notes
Turn   | Place    | Note
-------+----------+-------------------------------------------
     0 | D:1      | Dabor the Gnoll Wanderer began the quest for the Orb.
     0 | D:1      | Dabor set off with the following items: a +0 hand axe, a +2
                  | buckler, 11 poisoned darts, a +0 dagger, a potion of
                  | curing, a +0 leather armour
     0 | D:1      | Reached XP level 1. HP: 17/17 MP: 1/1
   184 | D:1      | Found a faded altar of an unknown god.
   196 | D:1      | Prayed at the altar of an unknown god.
   196 | D:1      | Became a worshipper of Vehumet
   196 | D:1      | Reached * piety under Vehumet
   196 | D:1      | Offered knowledge of Magic Dart by Vehumet.
   209 | D:1      | Reached XP level 2. HP: 18/23 MP: 2/2
  1094 | D:2      | Reached XP level 3. HP: 28/28 MP: 3/3
  1280 | D:2      | Reached skill level 1 in Invocations
  1372 | D:2      | Offered knowledge of Freeze by Vehumet.
  1403 | D:2      | Reached ** piety under Vehumet
  1446 | D:2      | Reached skill level 1 in Short Blades
  1446 | D:2      | Reached skill level 1 in Long Blades
  1446 | D:2      | Reached skill level 1 in Maces & Flails
  1446 | D:2      | Reached skill level 1 in Polearms
  1446 | D:2      | Reached skill level 1 in Staves
  1446 | D:2      | Reached skill level 1 in Slings
  1446 | D:2      | Reached skill level 1 in Bows
  1446 | D:2      | Reached skill level 1 in Crossbows
  1446 | D:2      | Reached skill level 1 in Armour
  1446 | D:2      | Reached skill level 1 in Unarmed Combat
  1446 | D:2      | Reached skill level 1 in Spellcasting
  1446 | D:2      | Reached skill level 1 in Evocations
  1446 | D:2      | Reached XP level 4. HP: 34/34 MP: 5/5
  1792 | D:3      | Found a transporter.
  1948 | D:3      | Found an opulent altar of Gozag.
  2125 | D:3      | Fell from the grace of Vehumet
  2125 | D:3      | Became a worshipper of Gozag Ym Sagoz the Greedy
  2177 | D:3      | Found a transporter.
  2740 | D:3      | Reached skill level 1 in Conjurations
  2740 | D:3      | Reached skill level 1 in Hexes
  2740 | D:3      | Reached skill level 1 in Summonings
  2740 | D:3      | Reached skill level 1 in Necromancy
  2740 | D:3      | Reached skill level 1 in Translocations
  2740 | D:3      | Reached skill level 1 in Transmutations
  2740 | D:3      | Reached skill level 1 in Fire Magic
  2740 | D:3      | Reached skill level 1 in Ice Magic
  2740 | D:3      | Reached skill level 1 in Air Magic
  2740 | D:3      | Reached skill level 1 in Earth Magic
  2740 | D:3      | Reached skill level 1 in Poison Magic
  2740 | D:3      | Reached XP level 5. HP: 20/40 MP: 5/7
  3524 | D:3      | Reached XP level 6. HP: 28/47 MP: 8/8
  3783 | D:4      | Slain by a gnoll

Illustrated notes

Levels and vault maps discovered:
D:1:      pf_arrival_petrified_forest, layout_rooms,
          hellmonk_ecumenical_altar_crossroads
D:2:      wad_crossroads, layout_rooms
D:3:      gammafunk_steamed_eel, layout_basic, nicolae_gozag_seed_capital,
          grunt_decor_mini_mirrors
D:4:      layout_rooms, mainiacjoe_overflow_paths,
          minmay_temple_entry_antechambers, uniq_blork_the_orc

Skill      XL: |  1  2  3  4  5 |
---------------+----------------+-----
Invocations    | 1 2 |  2.0
Short Blades   | 1 |  1.8
Long Blades    | 1 |  1.8
Maces & Flails | 1 |  1.8
Polearms       | 1 |  1.8
Staves         | 1 |  1.8
Slings         | 1 |  1.8
Bows           | 1 |  1.8
Crossbows      | 1 |  1.8
Armour         | 1 |  1.8
Unarmed Combat | 1 |  1.8
Spellcasting   | 1 |  1.8
Evocations     | 1 |  1.8
Conjurations   | 1 |  1.4
Hexes          | 1 |  1.4
Summonings     | 1 |  1.4
Necromancy     | 1 |  1.4
Translocations | 1 |  1.4
Transmutations | 1 |  1.4
Fire Magic     | 1 |  1.4
Ice Magic      | 1 |  1.4
Air Magic      | 1 |  1.4
Earth Magic    | 1 |  1.4
Poison Magic   | 1 |  1.4
Fighting       | 3 |  3.1
Throwing       | 3 |  3.1
Dodging        | 3 |  3.1
Stealth        | 3 |  3.0
Axes           | |  6.8
Shields        | |  6.8

Action                   |  1- 3 |  4- 6 || total
-------------------------+-------+-------++-------
Melee: Hand axe          |    99 |    79 ||   178
       Bite              |     5 |    12 ||    17
Throw: Dart              |     4 |       ||     4
Evoke: Wand              |       |    10 ||    10
  Use: Scroll            |       |     5 ||     5
 Stab: Sleeping          |     7 |     4 ||    11
Armor: Leather armour    |    33 |    15 ||    48
Dodge: Dodged            |    50 |    34 ||    84
Block: Buckler           |    41 |    27 ||    68

Table legend: (Time is in decaauts)
 A = Elapsed time spent in this place.
 B = Non-inter-level travel time spent in this place.
 C = Inter-level travel time spent in this place.
 D = Time resting spent in this place.
 E = Time spent auto-exploring this place.
 F = Levels seen in this place.
 G = Mean time per level.
                   A        B        C        D        E       F      G
               +--------+--------+--------+--------+--------+-----+--------+
         Total |   3787 |   3711 |     76 |    932 |   2203 |   4 |  946.8 |
       Dungeon |   3787 |   3711 |     76 |    932 |   2203 |   4 |  946.8 |
               +--------+--------+--------+--------+--------+-----+--------+

Top non-repeatable levels by time:
     D:3: 1975 daAuts
     D:1: 1032 daAuts
     D:2: 729 daAuts
     D:4: 49 daAuts
